 Dungeon Crawl Stone Soup version 0.31.0-11-ge490571c62 (webtiles) character file.

Game seed: 11552518847897784484

8 browni3141 the Conjurer (level 2, -1/19 HPs)
             Began as a Demonspawn Conjurer on Jan 30, 2024.
             Slain by a quokka (4 damage)
             ... on level 1 of the Dungeon.
             The game lasted 00:00:27 (546 turns).

browni3141 the Conjurer (Demonspawn Conjurer)        Turns: 546, Time: 00:00:28

Health: -1/19      AC:  4    Str:  7    XL:     2   Next: 0%
Magic:  5/5        EV: 12    Int: 18    God:
Gold:   24         SH:  0    Dex: 11    Spells: 4/5 levels left

rFire   . . .        (no weapon)
rCold   . . .        (no shield)
rNeg    . . .        a - +0 robe
rPois   .            (no helmet)
rElec   .            (no cloak)
rCorr   .            (no gloves)
SInv    .            (no boots)
Will    .....        (no amulet)
Stlth   ++           (no ring)
HPRegen 0.23/turn    (no ring)
MPRegen 0.09/turn

%: no passive effects
@: no status effects
A: slimy green scales 1
a: no special abilities


You were on level 1 of the Dungeon.
You visited 1 branch of the dungeon, and saw 1 of its levels.

You collected 24 gold pieces.

Inventory:

Armour
 a - a +0 robe (worn)
Scrolls
 d - a scroll of enchant armour {unknown}
Potions
 b - a potion of magic
 c - a potion of curing {unknown}


   Skills:
 + Level 2.0 Dodging
 + Level 2.0 Stealth
 + Level 2.1 Spellcasting
 + Level 4.1 Conjurations


You had 4 spell levels left.
You knew the following spells:

 Your Spells              Type           Power      Damage    Failure   Level
a - Magic Dart            Conj           64%        1d6       3%          1

Your spell library contained the following spells:

 Spells                   Type           Power      Damage    Failure   Level
 Searing Ray              Conj           32%        2d5       4%          2
 Ensorcelled Hibernation  Hex/Ice        2%         N/A       26%         2
 Fugue of the Fallen      Necr           1%         N/A       47%         3
 Fulminant Prism          Conj/Alch      4%         3d5       58%         4
 Iskenderun's Mystic Bla  Conj/Tloc      9%         2d4       58%         4
 Anguish                  Hex/Necr       0%         N/A       87%         4


Dungeon Overview and Level Annotations

Branches:
Dungeon (1/15)

Altars:


Innate Abilities, Weirdness & Mutations

You are partially covered in slimy green scales. (AC +2)


Message History

You hit the giant cockroach but do no damage.
The giant cockroach is almost dead.
The giant cockroach barely misses you.
You hit the giant cockroach but do no damage.
The giant cockroach is almost dead.
The giant cockroach closely misses you.
You hit the giant cockroach but do no damage.
The giant cockroach is almost dead.
The giant cockroach barely misses you.
Your magical contamination has completely faded away.
You barely miss the giant cockroach.
The giant cockroach is almost dead.
The giant cockroach misses you.
You hit the giant cockroach but do no damage.
The giant cockroach is almost dead.
The giant cockroach barely misses you.
The giant cockroach bites you but does no damage.
You closely miss the giant cockroach.
The giant cockroach is almost dead.
The giant cockroach barely misses you.
You barely miss the giant cockroach. Your punch misses the giant cockroach.
The giant cockroach is almost dead.
The giant cockroach barely misses you.
You hit the giant cockroach.
You kill the giant cockroach!
Your Dodging skill increases to level 2!
You see here a giant cockroach corpse.
You can't see any susceptible monsters within range! (Use Z to cast anyway.)
Found a stone staircase leading down.
You now have 9 gold pieces.
You now have 24 gold pieces (gained 15).
d - a scroll labelled VAAGAU KAEWK
There is a stone staircase leading down here.
You see here 5 stones.
A quokka and a ball python come into view.
The ball python hisses angrily.
The magic dart hits the quokka.
The quokka is severely wounded.
The magic dart hits the ball python.
You kill the ball python!
You have reached level 2!
Your demonic ancestry asserts itself...
Slimy green scales grow over part of your body.
The quokka completely misses you. The quokka barely misses you.
The quokka barely misses you. The quokka closely misses you.
The quokka bites you. The quokka misses you. The quokka misses you. x2
The quokka bites you but does no damage.
The quokka barely misses you. The quokka barely misses you.
The quokka bites you but does no damage.
The quokka barely misses you. The quokka misses you.
The quokka closely misses you. The quokka closely misses you.
The quokka closely misses you. The quokka closely misses you.
The quokka bites you.
The quokka bites you but does no damage.
The quokka barely misses you. The quokka closely misses you.
The quokka barely misses you. The quokka closely misses you.
The quokka barely misses you. x2
The quokka bites you. The quokka barely misses you. The quokka bites you.
The quokka bites you but does no damage.
The quokka closely misses you. The quokka bites you.
The quokka barely misses you. The quokka misses you. The quokka bites you.
The quokka misses you. The quokka closely misses you.
The quokka barely misses you.
The quokka bites you but does no damage.
The quokka closely misses you. The quokka closely misses you.
The quokka bites you. The quokka barely misses you. x2
The quokka barely misses you. The quokka misses you. The quokka bites you.
The quokka bites you. The quokka misses you.
The quokka bites you but does no damage.
The quokka bites you but does no damage.
The quokka bites you.
The quokka bites you but does no damage.
The quokka bites you. The quokka bites you.
The quokka bites you but does no damage.
The quokka barely misses you. The quokka closely misses you.
The quokka bites you. The quokka bites you.
The quokka bites you but does no damage.
The quokka misses you. The quokka bites you.
You die...

#.# #.####.#####.# #.#
##.# #.# ##.# #..# #.#
#..# ##.## #.####.###
#.######..#####.##.....#
#...............##.###.#
##..###.#.#.###....# #.†
#.#.#^#...#..# #.# #@###
###........#
#....†.r.......####.###
#..............# #.#
#..#.#.###.###.# # ###
#! #.#.# ..#.. ... #
###.# ##.# ### ... ...


You could see a quokka.

Vanquished Creatures
  2 giant cockroaches (D:1)
  A goblin (D:1)
  A hobgoblin (D:1)
  A ball python (D:1)
  2 frilled lizards (D:1)
  A kobold (D:1)
8 creatures vanquished.

Notes
Turn   | Place    | Note
-------+----------+-------------------------------------------
     0 | D:1      | browni3141 the Demonspawn Conjurer began the quest for the
                  | Orb.
     0 | D:1      | Reached XP level 1. HP: 13/13 MP: 3/3
   495 | D:1      | Gained mutation: You are partially covered in slimy green
                  | scales. (AC +2) [demonic ancestry]
   495 | D:1      | Reached XP level 2. HP: 19/19 MP: 1/5
   546 | D:1      | Slain by a quokka

Illustrated notes

Levels and vault maps discovered:
D:1:      ncdulo_smallfort, layout_loops_ring, minmay_misc_feat_nine_boxes,
          minmay_misc_feat_ornament

Skill      XL: |  1 |
---------------+----+-----
Stealth        | 2 |  2.0
Dodging        | 2 |  2.0
Spellcasting   | |  2.1
Conjurations   | |  4.1

Action                     || total
---------------------------++-------
  Melee: Unarmed           ||    36
   Cast: Magic Dart        ||    16
 Armour: Robe              ||    47
  Dodge: Dodged            ||    63
